Map: Lerilak Crest

Players

Nimhz - Winner!

  • Race: Zerg Zerg
  • League: Platinum

MasterYoda

  • Race: Zerg Zerg
  • League: Platinum

VOD

Have the link to the VOD?

Description

Time

  • Played on: Jan. 19, 2016, 12:59 a.m.
  • Length: 20:21
Show
View Real Time Build Order
Export as new Build Order

Nimhz Zerg - Winner!

Build Orders: Pool First 

Get SALT Encoding   

  12  0:01  Drone  
  13  0:08  Drone  
  14  0:16  Overlord  
  14  0:25  Extractor x2  
  14  0:26  Drone  
  13  0:30  Drone  
  16  0:39  Drone  
  16  0:42  Extractor  
  16  0:46  Drone  
  17  0:54  Spawning Pool  
  16  0:58  Drone  
  17  1:23  Overlord  
  17  1:25  Drone  
  18  1:43  Zergling x4  
  18  1:44  Queen  
  18  1:46  Metabolic Boost  
  22  2:02  Drone x2  
  24  2:24  Baneling Nest, Drone  
  24  2:25  Zergling x2  
  24  2:28  Hatchery  
  24  2:34  Zergling x2  
  25  2:49  Zergling x2  
  26  3:01  Overlord  
  26  3:05  Zergling x6  
  29  3:20  Zergling x2  
  30  3:28  Baneling x2  
  29  3:49  Queen  
  29  3:55  Baneling x3  
  31  3:56  Baneling  
  31  3:57  Drone, Zergling x6  
  31  3:58  Drone x2  
  35  4:25  Zergling x10  
  42  4:31  Drone x3  
  43  4:41  Zergling x2  
  43  4:46  Overlord x2  
  43  5:06  Drone x4  
  43  5:07  Overlord x2  
  47  5:09  Drone x3  
  47  5:12  Extractor  
  49  5:23  Drone x2  
  51  5:30  Drone  
  51  5:32  Drone  
  53  5:55  Zergling x6  
  53  5:56  Roach Warren, Drone x3  
  53  5:57  Drone  
  59  5:58  Lair  
  59  6:28  Spore Crawler  
  59  6:29  Drone x4  
  59  6:30  Drone  
  63  6:36  Roach x2  
  63  6:37  Overlord x3, Roach  
  69  6:46  Extractor  
  68  6:47  Extractor  
  68  6:53  Drone, Roach x3  
  68  6:54  Evolution Chamber, Roach  
  75  6:56  Evolution Chamber, Glial Reconstitution  
  74  7:02  Overseer  
  74  7:09  Drone x3  
  74  7:10  Drone  
  74  7:13  Roach  
  74  7:14  Roach  
  82  7:20  Zerg Missile Weapons Level 1  
  82  7:22  Zerg Ground Armor Level 1  
  82  7:23  Roach x2  
  86  7:52  Roach x6  
  86  7:55  Overlord x2  
  98  8:00  Hatchery  
  97  8:12  Queen  
  97  8:14  Ravager x4  
  97  8:15  Ravager x4  
  107  8:45  Roach  
  107  8:46  Roach x4  
  108  9:01  Roach x6  
  115  9:03  Overlord x2  
  115  9:16  Overlord  
  115  9:17  Overlord  
  115  9:24  Drone  
  115  9:25  Drone x10  
  126  9:35  Roach x2  
  130  9:45  Overlord x2, Roach  
  131  9:46  Roach x2  
  117  10:09  Roach  
  117  10:10  Roach x7  
  129  10:20  Roach  
  129  10:21  Roach x4  
  139  10:22  Zerg Missile Weapons Level 2  
  139  10:23  Zerg Ground Armor Level 2  
  139  10:32  Pneumatized Carapace  
  139  10:33  Hatchery  
  138  10:38  Ravager x2  
  138  10:42  Burrow  
  140  10:44  Zergling x24  
  152  10:55  Overlord x2  
  152  10:56  Roach  
  154  11:13  Roach  
  154  11:14  Roach x9  
  154  11:16  Roach x2  
  178  11:23  Tunneling Claws  
  178  11:24  Hydralisk Den  
  177  11:26  Ravager  
  177  11:29  Overlord x2  
  178  11:38  Overlord  
  178  11:39  Overlord  
  176  12:02  Drone x3  
  176  12:03  Zergling x2  
  176  12:04  Zergling x2, Hydralisk, Extractor x2  
  176  12:05  Hydralisk x4, Roach x2, Zergling x2  
  194  12:08  Lurker Den  
  194  12:19  Drone x5  
  199  12:28  Overseer x2  
  198  13:08  Hatchery  
  197  14:01  Hydralisk x4  
  197  14:03  Drone x3  
  197  14:06  Roach x40  
  200  14:13  Extractor  
  199  14:18  Extractor  
  198  14:33  Roach  
  184  14:54  Roach x10  
  184  14:58  Hydralisk x2  
  184  14:59  Hydralisk x2  
  198  15:03  Roach x35  
  198  15:33  Spine Crawler  
  197  15:36  Spine Crawler x2  
  197  15:37  Spore Crawler  
  197  15:40  Spore Crawler, Spine Crawler  
  192  15:44  Infestation Pit  
  191  16:16  Hydralisk x4  
  191  16:21  Roach x45  
  189  16:30  Hydralisk x5  
  199  16:47  Hydralisk  
  199  16:48  Hydralisk x8  
  199  16:53  Roach x44  
  194  16:59  Hydralisk x9  
  194  17:03  Hive  
  194  17:04  Roach x44  
  194  17:07  Hydralisk x9  
  194  17:12  Roach x43  
  184  17:38  Roach x7  
  184  17:39  Roach  
  184  17:46  Hydralisk x6  
  170  17:51  Roach x21  
  170  17:56  Roach x14  
  170  17:57  Roach x3  
  184  18:07  Roach  
  184  18:08  Roach x6  
  198  18:26  Ultralisk Cavern  
  197  18:33  Spire  
  153  19:20  Hydralisk x4  
  153  19:25  Roach x30  
  153  19:26  Ultralisk x7  
  195  19:47  Overseer x2  
Show
View Real Time Build Order
Export as new Build Order

MasterYoda Zerg 

Build Orders: Pool First, Lurkers 

Get SALT Encoding   

  12  0:03  Drone  
  13  0:16  Drone  
  14  0:27  Spawning Pool  
  13  0:31  Drone  
  14  0:36  Extractor  
  14  0:42  Overlord  
  13  0:48  Drone  
  14  1:02  Drone x2  
  16  1:14  Zergling x2  
  17  1:21  Zergling x2  
  18  1:27  Baneling Nest  
  18  1:29  Zergling x2  
  18  1:46  Queen  
  20  1:55  Metabolic Boost  
  20  2:06  Drone x2  
  22  2:16  Overlord  
  22  2:29  Hatchery  
  21  2:36  Drone x2  
  23  2:50  Overlord  
  23  2:58  Drone  
  24  3:08  Zergling x4  
  24  3:09  Zergling x4  
  28  3:18  Zergling x2  
  27  3:49  Zergling x6  
  27  3:51  Baneling  
  27  3:52  Baneling x2  
  27  3:53  Drone x4  
  27  3:54  Queen  
  36  3:59  Overlord  
  36  4:06  Overlord  
  36  4:10  Spine Crawler  
  35  4:17  Queen  
  36  4:24  Drone  
  36  4:25  Drone x3  
  40  4:33  Drone  
  40  4:38  Drone x4  
  44  4:42  Extractor  
  41  4:52  Zergling x4  
  43  4:58  Drone x2  
  45  5:07  Roach Warren  
  44  5:10  Lair  
  44  5:15  Drone x5  
  49  5:22  Zergling x2  
  49  5:25  Baneling  
  49  5:26  Baneling  
  50  5:29  Baneling x2  
  50  5:31  Zergling x4  
  52  5:52  Baneling  
  52  5:56  Overlord x2  
  52  5:59  Spine Crawler  
  52  6:01  Overlord  
  51  6:12  Overlord x2  
  51  6:15  Roach  
  51  6:17  Glial Reconstitution  
  53  6:22  Evolution Chamber  
  53  6:25  Evolution Chamber  
  51  6:27  Drone x5  
  51  6:31  Extractor  
  51  6:32  Drone x4, Extractor  
  58  6:41  Roach x2  
  62  6:51  Roach x2  
  66  6:58  Spore Crawler  
  65  7:02  Roach  
  65  7:03  Roach x5  
  77  7:12  Hydralisk Den  
  77  7:13  Spore Crawler  
  75  7:18  Zerg Missile Weapons Level 1  
  75  7:22  Drone x3  
  78  7:25  Roach  
  80  7:31  Overseer  
  80  7:34  Roach x2  
  80  7:36  Overlord x3  
  84  7:47  Overlord x2  
  84  7:51  Muscular Augments  
  84  7:59  Roach x3  
  89  8:17  Roach x2  
  93  8:20  Hatchery  
  92  8:30  Roach x5  
  102  9:02  Ravager x4  
  105  9:05  Hatchery  
  105  9:06  Hydralisk x6  
  105  9:07  Hydralisk  
  118  9:15  Overlord x2  
  118  9:28  Roach  
  118  9:29  Roach  
  88  10:11  Hydralisk x4  
  88  10:12  Hydralisk x6  
  104  10:18  Drone x3  
  107  10:21  Zerg Ground Armor Level 1  
  108  10:28  Drone x3  
  110  10:37  Lurker Den  
  110  10:40  Drone  
  110  10:41  Drone x2  
  113  10:52  Extractor  
  113  10:54  Drone  
  113  10:56  Extractor  
  112  11:01  Spore Crawler  
  112  11:03  Drone, Spine Crawler  
  112  11:04  Drone x8  
  119  11:29  Drone x2  
  119  11:32  Queen  
  123  11:38  Zerg Missile Weapons Level 2  
  123  11:42  Infestation Pit  
  122  11:53  Hydralisk x2  
  122  11:54  Hydralisk x3  
  121  12:00  Roach x5  
  141  12:03  Overseer x3  
  141  12:11  Overlord x4  
  141  12:16  Lurker x5  
  141  12:22  Overlord x2  
  146  12:32  Roach x4  
  146  12:33  Roach x3  
  160  12:39  Hive  
  160  12:56  Hydralisk x6  
  169  13:43  Hydralisk x3  
  169  13:44  Hydralisk x5  
  185  13:50  Roach x2  
  189  13:57  Zerg Ground Armor Level 2, Zerg Missile Weapons Level 3  
  189  14:01  Ultralisk Cavern  
  188  14:04  Ravager x2  
  190  14:10  Overlord x2  
  190  14:15  Lurker x2  
  192  14:31  Tunneling Claws  
  192  14:35  Burrow  
  186  14:56  Hydralisk x4  
  186  14:57  Hydralisk x5  
  194  15:00  Overlord x2  
  194  15:13  Hatchery  
  193  15:14  Chitinous Plating  
  193  16:02  Roach  
  193  16:03  Roach x2  
  190  16:35  Roach x3  
  190  16:36  Roach x2  
  170  17:39  Ultralisk x4  
  170  17:40  Ultralisk  
  153  18:01  Roach x6  
  165  18:06  Drone x5  
  165  18:09  Queen  
  172  18:14  Zerg Melee Weapons Level 1  
  172  18:18  Lurker  
  172  18:19  Lurker x3  
  176  18:20  Roach x4  
  184  18:29  Overseer  
  184  18:31  Roach  
  184  18:32  Roach x3  
  146  19:03  Ultralisk  
  146  19:04  Ultralisk x2  
  164  19:16  Roach x3  
  164  19:17  Roach x3  
  176  19:26  Roach  
  176  19:27  Roach x3  
  184  19:41  Roach x4  
  192  19:58  Spine Crawler  
  192  19:59  Extractor  
  190  20:00  Spine Crawler  
  190  20:03  Spine Crawler  
Tags
 
Add a new tag
Caveats
  • Supply blocks, unpowered buildings, or Contaminate may cause inaccurate times.
  • Supply counts are checked every 10 seconds.